 Dungeon Crawl Stone Soup version 0.23-a0-395-gcf17ac6 (webtiles) character file.

76 Azzok the Firebug (level 4, 30/30 HPs)
             Began as a Demonspawn Fire Elementalist on Nov 1, 2018.
             Quit the game on level 2 of the Dungeon.
             The game lasted 00:02:37 (1813 turns).

Azzok the Firebug (Demonspawn Fire Elementalist)    Turns: 1813, Time: 00:02:38

Health: 30/30      AC:  2    Str:  9    XL:     4   Next: 12%
Magic:  3/7        EV: 12    Int: 17    God:
Gold:   123        SH:  0    Dex: 13    Spells: 6/7 levels left

rFire    . . .     SeeInvis .   h - +3 short sword (drain)
rCold    . . .     Gourm    .   (no shield)
rNeg     . . .     Faith    .   a - +0 robe
rPois    .         Spirit   .   (no helmet)
rElec    .         Reflect  .   (no cloak)
rCorr    .         Harm     .   (no gloves)
MR       .....                  (no boots)
Stlth    ++........             (no amulet)
HPRegen  0.10/turn              (no ring)
MPRegen  0.10/turn              (no ring)

@: no status effects
A: hooves 1, spiny 1
a: no special abilities


You were on level 2 of the Dungeon.
You were hungry.

You visited 1 branch of the dungeon, and saw 2 of its levels.

You collected 123 gold pieces.

Inventory:

Hand Weapons
 h - a +3 short sword of draining (weapon)
Armour
 a - a +0 robe (worn)
Scrolls
 b - 5 scrolls of identify {unknown}
 d - a scroll of teleportation {unknown}
 f - 2 scrolls of blinking {unknown}
 i - 3 scrolls of remove curse {unknown}
 k - a scroll of enchant armour {unknown}
Potions
 e - a potion of curing {unknown}
 g - a potion of cancellation {unknown}
Comestibles
 c - 2 rations


   Skills:
 - Level 1.7 Dodging
 - Level 1.7 Stealth
 - Level 2.0 Spellcasting
 + Level 2.9 Conjurations
 + Level 3.7 Fire Magic


You had 6 spell levels left.
You knew the following spells:

 Your Spells              Type           Power        Failure   Level  Hunger
a - Flame Tongue          Conj/Fire      ##...        4%          1    #......

Your spell library contained the following spells:

 Spells                   Type           Power        Failure   Level  Hunger
 Throw Flame              Conj/Fire      ##....       8%          2    ###....
 Conjure Flame            Conj/Fire      ##......     16%         3    ###....
 Inner Flame              Hex/Fire       #.......     26%         3    ###....
 Sticky Flame             Conj/Fire      ##......     45%         4    #####..
 Fireball                 Conj/Fire      ##........   80%         5    ######.


Dungeon Overview and Level Annotations

Branches:
Dungeon (2/15)

Altars:
Okawaru


Innate Abilities, Weirdness & Mutations

You have large cloven feet.
You are partially covered in sharp spines.


Message History

You kill the goblin!
Casting: Flame Tongue (safe; 5% risk of failure)
Confirm with . or Enter, or press ? or * to list all spells.
Aiming: Flame Tongue (safe; 5% risk of failure)
Press: ? - help, Shift-Dir - straight line, f - adder
Aim: an adder The flame tongue hits the adder.
The adder is moderately wounded.
Casting: Flame Tongue (safe; 5% risk of failure)
Confirm with . or Enter, or press ? or * to list all spells.
Aiming: Flame Tongue (safe; 5% risk of failure)
Press: ? - help, Shift-Dir - straight line, f/p - adder
Aim: an adder (moderately wounded)
The flame tongue hits the adder.
You kill the adder!
You have reached level 4!
You feel stronger.
Your demonic ancestry asserts itself...
Sharp spines emerge from parts of your body.
You are feeling hungry.
Are you sure you want to abandon this character and quit the game? (Confirm

▒·▒ ▒·▒ ▒·▒ ▒·▒
▒·▒▒▒╬ ▒·▒ ▒÷···· ▒·▒
▒····· ▒·▒ ▒····· ▒·▒
▒·▒····· ▒·▒ ▒·▒·····
▒@▒ ▒·▒····· ▒·▒
▒······· ▒·▒▒▒▒▒▒▒
▒····♣··
▒·······▒▒▒▒··♣·♣·
▒·······╬··╬·♣·_·♣
▒▒▒▒▒▒▒····▒▒▒···♣·♣·
▒···≈)≈·····▒▒····♣··
▒·8·≈≈≈··············
▒8_8··········▒▒▒▒▒▒▒


There were no monsters in sight!

Vanquished Creatures
  4 adders (D:2)
  An ooze (D:1)
  A leopard gecko (D:2)
  A ball python (D:1)
  A giant cockroach (D:2)
  3 goblins (D:2)
  A hobgoblin (D:1)
  2 jackals (D:2)
  9 kobolds
  A quokka (D:2)
  5 bats (D:1)
  3 frilled lizards
  4 rats
36 creatures vanquished.

Notes
Turn   | Place    | Note
-------+----------+-------------------------------------------
     0 | D:1      | Azzok the Demonspawn Fire Elementalist began the quest for
                  | the Orb.
     0 | D:1      | Reached XP level 1. HP: 13/13 MP: 3/3
   104 | D:1      | Reached skill level 3 in Fire Magic
   118 | D:1      | Gained mutation: You have large cloven feet. [demonic
                  | ancestry]
   118 | D:1      | Reached XP level 2. HP: 8/19 MP: 0/5
  1366 | D:2      | Reached XP level 3. HP: 23/24 MP: 6/6
  1402 | D:2      | Found a faded altar of an unknown god.
  1656 | D:2      | Found an iron altar of Okawaru.
  1808 | D:2      | Gained mutation: You are partially covered in sharp spines.
                  | [demonic ancestry]
  1808 | D:2      | Reached XP level 4. HP: 30/30 MP: 3/7
  1813 | D:2      | Quit the game

Vault maps used:
D:1:      dpeg_arrival_shrine, skrybe_limestone_x, minmay_misc_feat_columns,
          minmay_pentomino_s2
D:2:      chequers_ecumenical_altar_simple_redux, kennysheep_okawaru_gauntlet

Skill      XL: |  1  2 |
---------------+-------+-----
Fire Magic     | 3 |  3.7
Conjurations   | 2 |  2.9
Dodging        | |  1.7
Stealth        | |  1.7
Spellcasting   | |  2.0

Action                   |  1- 3 |  4- 6 || total
-------------------------+-------+-------++-------
Melee: Unarmed           |    12 |       ||    12
       Short sword       |    22 |       ||    22
       Kick              |     3 |       ||     3
 Cast: Flame Tongue      |    46 |     1 ||    47
  Eat: Chunk             |     3 |       ||     3
Armor: Robe              |    15 |       ||    15
Dodge: Dodged            |    54 |       ||    54

Table legend:
 A = Non-vault XP
 B = Vault XP
 C = Vault XP percentage of total XP
 D = Non-vault monster count
 E = Vault monster count
 F = Vault count percentage of total count
                 A         B        C        D         E       F
            +---------+---------+-------+---------+---------+-------
      Total |     101 |       8 |   7.3 |      32 |       4 |  11.1
            +---------+---------+-------+---------+---------+-------
        D:1 |      27 |       4 |  12.9 |      16 |       2 |  11.1
        D:2 |      74 |       4 |   5.1 |      16 |       2 |  11.1
            +---------+---------+-------+---------+---------+-------
